 Dungeon Crawl Stone Soup version 0.19.1-1-g22dce08 (webtiles) character file.

713 galech the Shield-Bearer (level 7, -1/44 HPs)
             Began as a Gargoyle Fighter on Jan 12, 2017.
             Slain by an ice beast (12 damage)
             ... on level 5 of the Dungeon on Jan 13, 2017.
             The game lasted 00:10:58 (3929 turns).

galech the Shield-Bearer (Gargoyle Fighter)         Turns: 3929, Time: 00:11:00

Health: -1/44      AC: 10    Str: 21    XL:     7   Next: 69%
Magic:  16/16      EV: 10    Int:  9    God:
Gold:   200        SH: 10    Dex:  9    Spells: 0 memorised, 6 levels left

rFire  . . .     SeeInvis .     a - +0 flail
rCold  . . .     Gourm    .     B - +0 leather armour (curse)
rNeg   + . .     Faith    .     c - +0 shield
rPois  ∞         Spirit   .     (no helmet)
rElec  +         Reflect  .     r - +0 cloak
rCorr  .         Harm     .     o - +0 pair of gloves
MR     .....                    (no boots)
Stlth  +.........               A - amulet of rage
                                (no ring)
                                g - ring of magical power

@: no status effects
A: negative energy resistance 1, electricity resistance, unbreathing,
petrification resistance, rot immunity, AC +4
a: Evoke Berserk Rage


You were on level 5 of the Dungeon.
You were not hungry.

You visited 1 branch of the dungeon, and saw 6 of its levels.

You collected 200 gold pieces.

Inventory:

Hand Weapons
 a - a +0 flail (weapon)
Armour
 b - a +0 scale mail
 c - a +0 shield (worn)
 o - a +0 pair of gloves (worn)
 r - a +0 cloak (worn)
 B - a cursed +0 leather armour (worn)
Jewellery
 g - a ring of magical power (left hand)
 t - an uncursed amulet of the gourmand {unknown}
 A - an amulet of rage (around neck)
Wands
 y - a wand of digging (17/24)
 C - a wand of polymorph (7/24)
Scrolls
 h - a scroll of remove curse
 i - a scroll of blinking
 j - a scroll of fog {unknown}
 l - 2 scrolls of amnesia
 n - 2 scrolls of noise {unknown}
 s - a scroll of fear {unknown}
 w - 2 scrolls of teleportation {unknown}
 z - a scroll of magic mapping
Potions
 d - 2 potions of might
 e - 3 potions of magic {unknown}
 k - 3 potions of lignification {unknown}
 m - a potion of agility {unknown}
 p - 2 potions of degeneration {unknown}
 q - a potion of flight {unknown}
 x - 2 potions of curing {unknown}
Comestibles
 f - 5 bread rations
 u - 4 fruits
 v - 2 meat rations
 D - a chunk of flesh


   Skills:
 + Level 4.6 Fighting
 + Level 5.1 Maces & Flails
 + Level 4.4 Armour
 + Level 2.0 Dodging
 + Level 1.4 Stealth
 + Level 5.5 Shields
 + Level 0.1 Evocations


You had 6 spell levels left.
You didn't know any spells.

Dungeon Overview and Level Annotations

Branches:
Dungeon (6/15)
 Temple: D:4-7

Altars:
Ashenzari
Gozag
Kikubaaqudgha
Qazlal
Ru
Zin

Shops:
D:4 :


Innate Abilities, Weirdness & Mutations

You are resistant to torment.
Your stone body is resilient. (AC +4)
You are immune to poison.
You resist negative energy. (rN+)
You are resistant to electric shocks. (rElec)
You can survive without breathing.
You are immune to petrification.
You are immune to rotting.


Message History

You are too injured to fight recklessly!
You are too injured to fight recklessly!
You are too injured to fight recklessly!
You are too injured to fight recklessly!
You are too injured to fight recklessly!
You are too injured to fight recklessly!
You are too injured to fight recklessly!
You barely miss the ice beast.
The ice beast is severely wounded.
You block the ice beast's attack.
You barely miss the ice beast.
The ice beast is severely wounded.
The ice beast hits you but does no damage.
You closely miss the ice beast.
The ice beast is severely wounded.
The ice beast hits you but does no damage.
The ice beast hits you.
* * * LOW HITPOINT WARNING * * *
The ice beast freezes you!
You die...

#############.####
#.......>...#.####
#.#######.........
#.##### #...#...#.
#.#...# ####....>.
#[#...### ##...##
#.......# #.....
#Y......# ##.###
#@......# #..
###...### #+o
#...# ..§ ##h##
.... ##)## ..o..
####...####o..h.⌠
...........ooah...
#####...####.....⌠
#....## .....


You could see an ice beast.

Vanquished Creatures
  A sky beast (D:6)
  An ogre (D:4)
  A scorpion (D:4)
  A bullfrog skeleton (D:4)
  2 centaur skeletons (D:4)
  2 orc priests
  Crazy Yiuf (D:2)
  3 worker ants
  2 orc wizards (D:5)
  A gnoll (D:1)
  9 adders
  An ooze (D:3)
  3 dart slugs
  4 leopard geckos
  12 orcs
  4 ball pythons
  7 bats
  5 giant cockroaches
  6 goblins
  5 hobgoblins
  2 jackals (D:5)
  7 kobolds
  2 quokkas
  4 frilled lizards
  A leopard gecko zombie (D:5)
  10 rats
97 creatures vanquished.

Notes
Turn   | Place    | Note
-------+----------+-------------------------------------------
     0 | D:1      | galech the Gargoyle Fighter began the quest for the Orb.
     0 | D:1      | Reached XP level 1. HP: 14/14 MP: 1/1
    87 | D:1      | Reached XP level 2. HP: 19/19 MP: 2/2
   263 | D:1      | Reached XP level 3. HP: 23/23 MP: 3/3
   594 | D:2      | Reached XP level 4. HP: 28/29 MP: 4/4
   688 | D:2      | Found an ancient bone altar of Kikubaaqudgha.
   758 | D:2      | Found a faded altar of an unknown god.
   982 | D:2      | Found a runed door.
   986 | D:2      | Noticed Crazy Yiuf
   989 | D:2      | Killed Crazy Yiuf
  1157 | D:3      | Reached XP level 5. HP: 33/33 MP: 5/5
  1406 | D:3      | Found a shattered altar of Ashenzari.
  1464 | D:3      | Reached skill level 1 in Dodging
  1491 | D:3      | Reached XP level 6. HP: 35/38 MP: 6/6
  1582 | D:3      | Found an opulent altar of Gozag.
  1583 | D:3      | Found a stormy altar of Qazlal.
  2617 | D:4      | Found Elun's Book Emporium.
  2740 | D:4      | Reached skill level 1 in Stealth
  2740 | D:4      | Reached skill level 5 in Shields
  2740 | D:4      | Reached XP level 7. HP: 30/44 MP: 7/7
  2954 | D:4      | Found a glowing silver altar of Zin.
  3014 | D:4      | Found a sacrificial altar of Ru.
  3291 | D:5      | Entered Level 5 of the Dungeon
  3629 | D:6      | Reached skill level 5 in Maces & Flails
  3929 | D:5      | Slain by an ice beast

Skill      XL: |  1  2  3  4  5  6  7 |
---------------+----------------------+-----
Shields        | 4 5 |  5.5
Armour         | 4 |  4.4
Fighting       | 4 |  4.6
Maces & Flails | 3 4 5 |  5.1
Dodging        | 1 2 |  2.0
Stealth        | 1 |  1.4
Evocations     | |  0.1

Action                   |  1- 3 |  4- 6 |  7- 9 || total
-------------------------+-------+-------+-------++-------
Melee: Flail             |    71 |   189 |   120 ||   380
       Mace              |       |    34 |       ||    34
 Abil: Evoke Berserk Rag |       |     1 |     1 ||     2
  Use: Scroll            |       |     5 |       ||     5
 Stab: Sleeping          |       |     1 |       ||     1
  Eat: Chunk             |       |     6 |     2 ||     8
       Bread ration      |       |       |     1 ||     1
Armor: Scale mail        |    38 |   122 |       ||   160
       Leather armour    |       |    29 |    51 ||    80
Dodge: Dodged            |    20 |    92 |    30 ||   142
Block: Shield            |    30 |   164 |    53 ||   247
